 Dungeon Crawl Stone Soup version 0.21.1-1-g345015f (webtiles) character file.

39 letownia2 the Chiller (level 3, -4/16 HPs)
             Began as a Vine Stalker Ice Elementalist on Feb 24, 2018.
             Killed by Freeze
             ... invoked by letownia2's ghost
              (7 damage)
             ... on level 4 of the Dungeon.
             The game lasted 00:06:20 (537 turns).

letownia2 the Chiller (VSIE)                         Turns: 537, Time: 00:06:21

Health: -4/16      AC:  7    Str: 10    XL:     3   Next: 45%
Magic:  0/8        EV: 12    Int: 16    God:
Gold:   147        SH:  0    Dex: 14    Spells: 3/7 levels left

rFire    . . .     SeeInvis .   e - +0 dagger
rCold    . . .     Gourm    .   (no shield)
rNeg     . . .     Faith    .   a - +0 robe
rPois    .         Spirit   +   (no helmet)
rElec    .         Reflect  .   (no cloak)
rCorr    .         Harm     .   (no gloves)
MR       .....                  (no boots)
Stlth    ++........             (no amulet)
HPRegen  0.05/turn              (no ring)
MPRegen  0.11/turn              (no ring)

@: icy armour, slow
A: fangs 2, magic shield, antimagic bite, no potion heal 3, rot immunity
a: no special abilities


You were on level 4 of the Dungeon.
You were not hungry.

You visited 1 branch of the dungeon, and saw 4 of its levels.

You collected 147 gold pieces.

Inventory:

Hand Weapons
 e - a +0 dagger (weapon)
Armour
 a - a +0 robe (worn)
Scrolls
 f - a scroll of fog {unknown}
 g - 4 scrolls of amnesia {unknown}
 i - 2 scrolls of identify {unknown}
 j - a scroll of fear {unknown}
Potions
 d - a potion of haste {unknown}
 h - a potion of lignification {unknown}
Books
 b - a book of Frost

   Spells                             Type                      Level
   a - Freeze                         Ice                          1
   b - Throw Frost                    Conjuration/Ice              2
   c - Ozocubu's Armour               Charms/Ice                   3
   d - Throw Icicle                   Conjuration/Ice              4
   e - Summon Ice Beast               Ice/Summoning                4
Comestibles
 c - 2 rations


   Skills:
 - Level 1.6 Dodging
 - Level 2.7 Stealth
 - Level 2.7 Spellcasting
   Level 1.0 Conjurations
 + Level 0.4 Charms
 + Level 3.8 Ice Magic


You had 3 spell levels left.
You knew the following spells:

 Your Spells              Type           Power        Failure   Level  Hunger
a - Freeze                Ice            ##..         4%          1    #......
o - Ozocubu's Armour      Chrm/Ice       #.......     24%         3    ###....


Dungeon Overview and Level Annotations

Branches:
Dungeon (4/15)
 Temple: D:4-7

Altars:
Elyvilon
Makhleb

Annotations:
D:4 letownia2's ghost, amateur VSIE


Innate Abilities, Weirdness & Mutations

You have extremely sharp teeth.
When hurt, damage is shared between your health and your magic reserves.
Your bite disrupts and absorbs the magic of your enemies.
Potions cannot restore your health.
You are immune to rotting.


Message History

The worker ant zombie closely misses you.
You barely miss the worker ant zombie. Your bite misses the worker ant zombie.
The worker ant zombie is heavily damaged.
The worker ant zombie bites you but does no damage.
An adder comes into view.
The worker ant zombie waves its antennae.
The adder moves out of view.
The worker ant zombie bites you.
Letownia2's ghost completely misses you.
Letownia2's ghost points at you and mumbles some strange words.
You are frozen.
* * * LOW HITPOINT WARNING * * *
Letownia2's ghost hits you but does no damage.
Unknown command.
There is an open door, spattered with blood here.
You see here a quokka corpse.
Letownia2's ghost barely misses you.
You hear the slow hiss of a very distant avalanche of sand.
Letownia2's ghost casts a spell at you.
You are frozen.
You die...

..# .....# #.# #.# #....# #.#
#.# #....# #.# #.# #....# ..
#.. #.# #....#... ###(.
.######.# #....#... #....
........######....##.# #.#.#
#.........(..##.# (.....
#.#.....ZW@..##.# .+#####
#S#.#.#####....##.####.#.....
####.#.#.#
#............#.+###
.....#'#Z#
#...###'####.#.#... #.....#
#.........##.#.#.## #....†#
.....(...†.##.#.#.##
#.....#...###..........#.#...
#.....#... #.###.###..#.'###
###'#.### #.# #.# ##.#.....


You could see letownia2's ghost and a worker ant zombie.

Vanquished Creatures
  An adder (D:3)
  2 ball pythons
  A giant cockroach (D:2)
  5 goblins
  2 hobgoblins (D:1)
  2 jackals (D:3)
  2 quokkas
  4 bats
  A frilled lizard (D:1)
  5 kobolds
  A rat (D:1)
26 creatures vanquished.

Notes
Turn   | Place    | Note
-------+----------+-------------------------------------------
     0 | D:1      | letownia2 the Vine Stalker Ice Elementalist began the quest for the Orb.
     0 | D:1      | Reached XP level 1. HP: 9/9 MP: 4/4
    97 | D:2      | Reached XP level 2. HP: 13/13 MP: 1/6
   313 | D:2      | Found a burning altar of Makhleb.
   313 | D:2      | Found a white marble altar of Elyvilon.
   354 | D:3      | Reached XP level 3. HP: 5/16 MP: 0/8
   359 | D:3      | Learned a level 3 spell: Ozocubu's Armour
   509 | D:4      | Noticed letownia2's ghost (amateur VSIE)
   537 | D:4      | Killed from afar by letownia2's ghost

Action                   || total
-------------------------++-------
Melee: Unarmed           ||     7
       Bite              ||     5
       Dagger            ||    20
 Cast: Freeze            ||    33
       Ozocubu's Armour  ||     1
 Stab: Sleeping          ||     5
Armor: Robe              ||    15
Dodge: Dodged            ||    43
